 Dungeon Crawl Stone Soup version 0.30.0-15-g856e2d3f33 (webtiles) character file.

Game seed: 1164517584785932491

119 qw the Chopper (level 5, -8/32 HPs)
             Began as a Gargoyle Fighter on May 21, 2023.
             Mangled by Duvessa
             ... wielding a +3 short sword
              (9 damage)
             ... on level 4 of the Dungeon.
             The game lasted 00:01:05 (1906 turns).

qw the Chopper (Gargoyle Fighter)                   Turns: 1906, Time: 00:01:05

Health: -8/32      AC: 12    Str: 21    XL:     5   Next: 3%
Magic:  5/5        EV:  9    Int:  9    God:
Gold:   183        SH:  4    Dex:  9    Spells: 4/4 levels left

rFire   . . .        Y - +0 war axe
rCold   . . .        c - +0 buckler
rNeg    + . .        b - +0 scale mail
rPois   inf          (no helmet)
rElec   +            e - +0 cloak
rCorr   .            (no gloves)
SInv    .            (no boots)
Will    .....        (no amulet) Stlth
                     (no ring)
HPRegen 0.25/turn    (no ring)
MPRegen 0.09/turn

%: no passive effects
@: no status effects
A: sickness immunity, AC +4, negative energy resistance 1, electricity
resistance, torment resistance 1, petrification resistance
a: no special abilities


You were on level 4 of the Dungeon.
You visited 1 branch of the dungeon, and saw 5 of its levels.

You collected 183 gold pieces.


Innate Abilities, Weirdness & Mutations

You are immune to sickness and miasma.
Your stone body is resilient. (AC +4)
You are immune to poison.
You resist negative energy. (rN+)
You are resistant to electric shocks. (rElec)
You are resistant to unholy torment.
You are immune to petrification.


   Skills:
 - Level 3.2 Fighting
 + Level 4.5 Axes
 - Level 3.2 Armour
 - Level 3.2 Shields


You had 4 spell levels left.
You didn't know any spells.
Your spell library was empty.

Inventory:

Hand Weapons
 i - a +0 whip
 Y - a +0 war axe (weapon)
Armour
 b - a +0 scale mail (worn)
 c - a +0 buckler (worn)
 e - a +0 cloak (worn)
Scrolls
 a - 2 scrolls of teleportation
 j - a scroll of identify
Potions
 d - 2 potions of might
 g - a potion of heal wounds {unknown}
 h - 2 potions of haste
 k - a potion of resistance
 l - a potion of mutation {unknown}

Dungeon Overview and Level Annotations

Branches:
Dungeon (5/15)
 Temple: D:4-7

Altars:

Annotations:
D:4 Dowan, Duvessa


Message History

Found a stone staircase leading up.
f - a scroll labelled FEBIDU ORHOAKO Waypoint 3 assigned to D:5.
1886 ||| UPGRADING to +0 cloak.
You start putting on your armour.
You continue putting on your +0 cloak. x4
You finish putting on your +0 cloak.
1891 ||| READING scroll labelled FEBIDU ORHOAKO.
As you read the scroll labelled FEBIDU ORHOAKO, it crumbles to dust.
The scroll dissolves into smoke.
It was a scroll of fog.
(D) Dungeon
Where to? (* - list waypoints, Enter - D:3, ? - help)
What level of the Dungeon? (default 1, ? - help)
There is a stone staircase leading up here.
You climb upwards.
There is a stone staircase leading down here.
Waypoint 4 assigned to D:4.
Duvessa and Dowan come into view.
Duvessa shouts!
Dowan points at Duvessa and mumbles some strange words.
Duvessa seems to speed up.
1898 ||| Stepping ~*~*~tactically~*~*~ (hiding).
You start waiting.
Duvessa is nearby!
Duvessa hits you with a +3 short sword.
You slash Duvessa!
Duvessa is moderately wounded.
Duvessa hits you with a +3 short sword.
You barely miss Duvessa.
Duvessa is moderately wounded.
Duvessa barely misses you. Duvessa hits you with a +3 short sword.
You slash Duvessa!
Duvessa is severely wounded.
Duvessa closely misses you. Duvessa hits you but does no damage.
You hit Duvessa.
Duvessa is severely wounded.
Duvessa hits you but does no damage. Duvessa hits you with a +3 short sword!
You closely miss Duvessa.
Duvessa is severely wounded.
Duvessa hits you with a +3 short sword! x2
You die...

e# # ### .#
#. ..# e# #
#. #.# .#
#.##..#.# .#
......#.# .#
.......>##.#
#####...@ee#
########


You could see Duvessa (fast) and Dowan.

Vanquished Creatures
  5 adders (D:2)
  2 worms (D:2)
  2 dart slugs
  An orc (D:3)
  7 ball pythons
  4 endoplasms
  4 giant cockroaches
  3 goblins
  5 hobgoblins
  7 jackals (D:2)
  2 quokkas
  8 bats
  3 frilled lizards
  6 kobolds
59 creatures vanquished.

Notes
Turn   | Place    | Note
-------+----------+-------------------------------------------
     0 | D:1      | qw the Gargoyle Fighter began the quest for the Orb.
     0 | D:1      | Reached XP level 1. HP: 14/14 MP: 1/1
     0 | D:1      | 0 ||| qw: Version: 0.2-a-98-g16b38d9
     0 | D:1      | 0 ||| qw: Game counter: 7
     0 | D:1      | 0 ||| qw: Always use a shield: true
     0 | D:1      | 0 ||| qw: God list: Okawaru
     0 | D:1      | 0 ||| qw: Allow faded altars: false
     0 | D:1      | 0 ||| qw: Do Orc after D:15 true
     0 | D:1      | 0 ||| qw: Do second Lair branch before Depths: true
     0 | D:1      | 0 ||| qw: Lair rune preference: random
     0 | D:1      | 0 ||| qw: Plans: Normal, Zot:1-4, God:TSO, Crypt, Tomb,
                  | Pan, Slime:5, Hells, Abyss, Win
     0 | D:1      | 0 ||| PLANNING D:1-11
   103 | D:1      | Reached skill level 2 in Axes
   129 | D:1      | 129 ||| Stepping ~*~*~tactically~*~*~ (hiding).
   290 | D:1      | 290 ||| Stepping ~*~*~tactically~*~*~ (hiding).
   295 | D:1      | Reached XP level 2. HP: 19/19 MP: 2/2
   586 | D:1      | Reached skill level 3 in Axes
   795 | D:1      | Reached XP level 3. HP: 23/23 MP: 3/3
   915 | D:1      | 915 ||| Stepping ~*~*~tactically~*~*~ (hiding).
  1122 | D:1      | 1122 ||| READING 2 scrolls labelled UTIN HULASUZAUM.
  1125 | D:1      | 1125 ||| READING scroll labelled ZODUDI RIKHO.
  1126 | D:1      | 1126 ||| READING scroll labelled QOECING XIEXI.
  1127 | D:1      | 1127 ||| READING scroll labelled OPHUIW PAXAREO.
  1179 | D:2      | 1179 ||| Stepping ~*~*~tactically~*~*~ (stealth).
  1180 | D:2      | 1180 ||| Stepping ~*~*~tactically~*~*~ (stealth).
  1310 | D:2      | 1310 ||| Stepping ~*~*~tactically~*~*~ (stealth).
  1325 | D:2      | Reached XP level 4. HP: 21/28 MP: 4/4
  1328 | D:2      | Reached skill level 4 in Axes
  1342 | D:2      | 1342 ||| Stepping ~*~*~tactically~*~*~ (stealth).
  1740 | D:2      | 1740 ||| DROPPING +6 ring of intelligence.
  1741 | D:2      | 1741 ||| DROPPING ring of wizardry.
  1742 | D:2      | 1742 ||| DROPPING ring of flight.
  1743 | D:2      | 1743 ||| READING scroll labelled TEICHU OJADWA.
  1744 | D:2      | 1744 ||| READING 2 scrolls labelled VASTOI ZEURILA.
  1745 | D:2      | 1745 ||| READING 2 scrolls labelled VOHYRY MUCOD.
  1746 | D:2      | 1746 ||| DRINKING 2 sedimented cyan potions.
  1747 | D:2      | 1747 ||| DRINKING 2 fizzy red potions.
  1748 | D:2      | 1748 ||| DROPPING scroll of vulnerability.
  1749 | D:2      | 1749 ||| DROPPING scroll of fear.
  1856 | D:3      | Reached XP level 5. HP: 32/32 MP: 5/5
  1858 | D:3      | 1858 ||| DROPPING +0 club.
  1884 | D:3      | You fall into a shaft and drop 2 floors!
  1884 | D:5      | Entered Level 5 of the Dungeon
  1886 | D:5      | 1886 ||| UPGRADING to +0 cloak.
  1891 | D:5      | 1891 ||| READING scroll labelled FEBIDU ORHOAKO.
  1897 | D:4      | Noticed Duvessa
  1897 | D:4      | Noticed Dowan
  1898 | D:4      | 1898 ||| Stepping ~*~*~tactically~*~*~ (hiding).
  1906 | D:4      | HP: 1/32 [Duvessa/+3 short sword (10)]
  1906 | D:4      | Mangled by Duvessa

Levels and vault maps discovered:
D:1:      scummos_arrival_simple_crosswalls, layout_basic, wad_woods_river_04,
          amcnicky_mini_pool_small, nrook_uturn
D:2:      layout_basic, minmay_pentomino_w4
D:3:      layout_rooms
D:4:      layout_basic, uniq_blork_the_orc, uniq_duvessa
D:5:      layout_loops_ring, serial_park_tiny_1

Skill      XL: |  1  2  3  4 |
---------------+-------------+-----
Axes           | 2 3 4 |  4.5
Fighting       | |  3.2
Armour         | |  3.2
Shields        | |  3.2

Action                     |  1- 3 |  4- 6 || total
---------------------------+-------+-------++-------
  Melee: War axe           |   101 |    81 ||   182
    Use: Scroll            |     4 |     4 ||     8
         Potion            |       |     2 ||     2
 Armour: Scale mail        |    78 |    56 ||   134
  Dodge: Dodged            |    52 |    49 ||   101
  Block: Buckler           |    23 |    15 ||    38

Table legend:
 A = Non-vault XP
 B = Vault XP
 C = Vault XP percentage of total XP
 D = Non-vault monster count
 E = Vault monster count
 F = Vault count percentage of total count
                 A         B        C        D         E       F
            +---------+---------+-------+---------+---------+-------
      Total |     131 |      39 |  22.9 |      51 |       8 |  13.6
            +---------+---------+-------+---------+---------+-------
        D:1 |      36 |       0 |   0.0 |      20 |       0 |   0.0
        D:2 |      84 |      39 |  31.7 |      25 |       8 |  24.2
        D:3 |      11 |       0 |   0.0 |       6 |       0 |   0.0
            +---------+---------+-------+---------+---------+-------
